 Dungeon Sprint DCSS version 0.28-a0-1190-g77e1c55843 (webtiles) character file.

Game seed: 15014003493287806030

313791 mhtbhm the Conqueror (level 19, -7/151 HPs)
             Began as a Gargoyle Fighter on Dec 18, 2021.
             Was an Initiate of Gozag.
             Killed from afar by an ancient lich (74 damage)
             ... with a crystal spear
             ... in the Dungeon (Sprint IX: "|||||||||||||||||||||||||||||").
             The game lasted 00:29:19 (12240 turns).

mhtbhm the Conqueror (Gargoyle Fighter)            Turns: 12240, Time: 00:29:19

Health: -7/151     AC: 68    Str: 31    XL:     19   Next: 82%
Magic:  19/19      EV: 14    Int: 11    God:    Gozag
Gold:   25947      SH: 28    Dex: 14    Spells: 18/18 levels left

rFire   + . .      SeeInvis .   w - +8 morningstar (holy)
rCold   + . .      Faith    .   c - +3 tower shield {AC+3}
rNeg    + . .      Spirit   .   b - +10 gold dragon scales
rPois   ∞          Reflect  .   m - +1 helmet
rElec   +          Harm     .   r - +2 cloak
rCorr   .          Rampage  .   x - +1 pair of gloves
Will    +....      NoTele   +   (no boots)
Stlth   ..........              d - amulet "Citog" {Fragile rPois Regen+ Dex+2 Slay+3}
HPRegen 1.15/turn               M - ring of Govaut {Str+7 Dex+3 Slay+2}
MPRegen 0.16/turn               j - ring of Compulsion {AC+4 Slay+3}

@: gold aura, flying
A: sickness immunity, AC +14, big wings, negative energy resistance 1,
electricity resistance, torment resistance 1, petrification resistance, weak 1,
evolution 1
}: 5/17 runes: decaying, serpentine, barnacled, silver, gossamer
a: Renounce Religion, Potion Petition, Call Merchant, Bribe Branch


You were in the Dungeon.
You worshipped Gozag.
Gozag was extremely pleased with you.
You visited 1 branch You collected 44437 gold pieces.
You spent 4822 gold pieces at shops.
You paid 13668 gold pieces to Gozag.

Inventory:

Hand Weapons
 a - the +4 morningstar "Gargoyle's Foe" {venom, *Corrode Will++ Int+2}
   (You found it in the Dungeon)

   It poisons the flesh of those it strikes.
   Int:       It affects your intelligence (+2).
   *Corrode:  It may corrode you when you take damage.
   Will:      It greatly increases your willpower.
 w - a +8 morningstar of holy wrath (weapon)
 E - a +9 eudemon blade of holy wrath
Missiles
 t - 2 curare-tipped darts
 F - 5 javelins (quivered)
 G - 3 silver javelins
Armour
 b - +10 gold dragon scales (worn)
 c - a +3 tower shield of protection (worn)
 m - a +1 helmet (worn)
 r - a +2 cloak (worn)
 x - a +1 pair of gloves (worn)
Jewellery
 d - the amulet "Citog" (around neck) {Fragile rPois Regen+ Dex+2 Slay+3}
   (You bought it in a shop in the Dungeon)

   [amulet of regeneration]

   Dex:       It affects your dexterity (+2).
   Slay:      It affects your accuracy & damage with ranged weapons and melee
   (+3).
   rPois:     It protects you from poison.
   Regen:     It increases your rate of health regeneration.
   Fragile:   It will be destroyed if unequipped.
 j - the ring of Compulsion (right hand) {AC+4 Slay+3}
   (You bought it in a shop in the Dungeon)

   [ring of protection]

   AC:        It affects your AC (+4).
   Slay:      It affects your accuracy & damage with ranged weapons and melee
   (+3).
 K - the ring of Tufuaxaw {Will- Str+2 Int+6 Slay+5 Stlth+}
   (You found it in the Dungeon)

   [ring of intelligence]

   Str:       It affects your strength (+2).
   Int:       It affects your intelligence (+6).
   Slay:      It affects your accuracy & damage with ranged weapons and melee
   (+5).
   Will:      It decreases your willpower.
   Stlth:     It makes you more stealthy.
 L - the ring "Caumutaf" {rN+ Will+ EV+4 Dex-3 Stlth+}
   (You found it in the Dungeon)

   [ring of evasion]

   EV:        It affects your evasion (+4).
   Dex:       It affects your dexterity (-3).
   rN:        It protects you from negative energy.
   Will:      It increases your willpower.
   Stlth:     It makes you more stealthy.
 M - the ring of Govaut (left hand) {Str+7 Dex+3 Slay+2}
   (You found it in the Dungeon)

   [ring of dexterity]

   Str:       It affects your strength (+7).
   Dex:       It affects your dexterity (+3).
   Slay:      It affects your accuracy & damage with ranged weapons and melee
   (+2).
Wands
 o - a wand of digging (6)
Scrolls
 e - a scroll of silence
 i - a scroll of identify
 k - 2 scrolls of amnesia
 p - 3 scrolls of fog
 v - a scroll of summoning
 y - 2 scrolls of fear
 C - a scroll of holy word
 Q - a scroll of blinking
Potions
 f - 2 potions of brilliance
 g - 8 potions of haste
 h - 9 potions of magic
 l - 10 potions of heal wounds
 n - 2 potions of might
 q - a potion of invisibility
 z - 4 potions of curing
 B - a potion of lignification
 I - 2 potions of mutation
 O - a potion of berserk rage
 P - a potion of resistance
Miscellaneous
 D - a condenser vane


   Skills:
 O Level 27 Fighting
 O Level 27 Maces & Flails
 O Level 27 Throwing
 O Level 27 Armour
 * Level 15.4 Dodging
 + Level 19.3 Stealth
 O Level 27 Shields
 * Level 25.2 Evocations


You had 18 spell levels left.
You didn't know any spells.
Your spell library contained the following spells:

 Spells                   Type           Power      Damage    Failure   Level
 Wereblood                Tmut           0%         N/A       95%         2
 Summon Hydra             Summ           0%         N/A       100%        7
 Sublimation of Blood     Necr           Unusable   N/A       N/A         2

Dungeon Overview and Level Annotations

Branches:
Dungeon (1/1)

Altars:
Cheibriados
Dithmenos
Elyvilon
Fedhas
Gozag
Hepliaklqana
Kikubaaqudgha
Makhleb
Nemelex Xobeh
Okawaru
Qazlal
Ru
Sif Muna
Trog
Uskayaw
Vehumet
Wu Jian
Xom
Yredelemnul
Zin
The Shining One
Beogh
Jiyva
Lugonu

Shops:
D [[:[*=(*([!(


Innate Abilities, Weirdness & Mutations

You are immune to sickness and miasma.
Your stone body is resilient. (AC +14)
You are immune to poison.
Your large and strong wings let you fly.
You resist negative energy. (rN+)
You are resistant to electric shocks. (rElec)
You are resistant to unholy torment.
You are immune to petrification.
You are weak. (Str -2)
You have hidden genetic potential.


Message History

The crystal spear misses you.
The lich casts a spell.
The lich flickers and vanishes!
You spit something like a pig!!!
You hear some strange, mumbled words.
A crystal spear appears from out of thin air!
You block the crystal spear.
Unknown command.
Unknown command.
You hammer something like a gong!!!
Reactivating autopickup.
You feel a bit more experienced.
The vampire knight is engulfed in freezing vapours.
You have mastered Throwing!
Deactivating autopickup; reactivate with Ctrl-A.
You hear a shout! x2
You hit something but do no damage.
Something touches you but does no damage.
A vampire knight comes into view. It is wielding a +1 long sword.
You barely miss something.
You hear some strange, mumbled words.
A bolt of acid appears from out of thin air!
The bolt of acid hits you!!!!
Ouch! That really hurt!
The vampire knight is engulfed in freezing vapours.
The vampire knight gestures wildly while chanting.
The vampire knight flickers and vanishes!
You barely miss something.
Something touches you but does no damage.
Unknown command.
Unknown command.
You hit something. You block something's attack.
You impale something!!
A lich appears from thin air!
Reactivating autopickup.
You hear some strange, mumbled words.
A crystal spear appears from out of thin air!
Deactivating autopickup; reactivate with Ctrl-A.
The crystal spear hits you!!!!
You die...
Your body crumbles into a pile of gold.

▓▓▓▓▓▓▓▓▓▓▓▓▓▓▓▓▓▓
.▓...▓..∩▓...▓...▓
.▓.▓.▓∩▓.▓.▓.▓.▓.▓
.▓.▓.▓∩▓.▓.▓.▓.▓@▓
.▓.▓.▓.▓'▓.▓.▓.▓{▓
.▓.▓.▓.▓[▓.▓.▓.▓§▓
.▓.▓.▓.▓.▓.▓.▓.▓L▓
.▓.▓.▓.▓.▓.▓.▓.▓§▓
.▓.▓'▓.▓(▓.▓.▓.▓§▓
.▓.▓.▓.▓.▓.▓.▓.▓{▓
.▓.▓.▓.▓)▓.▓'▓.▓V▓
)▓.▓.▓.▓.▓.▓.▓.▓.▓


You could see a lich (fast) and a vampire knight.

Vanquished Creatures
  5 ancient liches (D)
  4 orbs of fire (D)
  Mennas (D)
  Mara (D)
  Sojobo (D)
  3 Killer Klowns (D)
  A curse toe (D)
  Margery (D)
  Nikola (D)
  3 golden dragons (D)
  2 electric golems (D)
  Rupert (D)
  6 tentacled monstrosities (D)
  A walking earthen tome (D)
  28 Orb Guardians (D)
  A titan (D)
  A lich (D)
  2 quicksilver dragons (D)
  3 death cobs (D)
  6 tengu reavers (D)
  5 nagarajas (D)
  6 storm dragons (D)
  Ilsuiw (D)
  3 draconian monks (D)
  5 shadow dragons (D)
  A draconian knight (D)
  4 frost giants (D)
  A vault warden (D)
  2 draconian shifters (D)
  4 emperor scorpions (D)
  2 draconian scorchers (D)
  An orc warlord (D)
  3 ironbound preservers (D)
  5 draconian annihilators (D)
  3 ironbound thunderhulks (D)
  4 stone giants (D)
  3 vampire knights (D)
  2 green draconians (D)
  3 black draconians (D)
  A red draconian (D)
  A spark wasp (D)
  2 yellow draconians (D)
  3 purple draconians (D)
  A white draconian (D)
  7 ettins (D)
  4 merfolk javelineers (D)
  5 fire dragons (D)
  3 merfolk impalers (D)
  A deep elf high priest (D)
  A yaktaur captain (D)
  25 vault guards (D)
  5 ice dragons (D)
  A boulder beetle (D)
  5 great orbs of eyes (D)
  5 naga warriors (D)
  3 ogre magi (D)
  13 hydras (D)
  3 merfolk aquamancers (D)
  2 centaur warriors (D)
  An alligator (D)
  2 deep troll earth magi (D)
  An alligator snapping turtle (D)
  A vampire mage (D)
  A tengu warrior (D)
  A deep troll shaman (D)
  Nergalle (D)
  A shock serpent (D)
  An orc high priest (D)
  3 hell knights (D)
  Sonja (D)
  A spriggan (D)
  An iron troll (D)
  A spriggan druid (D)
  4 deep trolls (D)
  A bog body (D)
  A glowing orange brain (D)
  A flayed ghost (D)
  3 wizards (D)
  2 ironbound convokers (D)
  3 lindwurms (D)
  7 swamp dragons (D)
  A phantasmal warrior (D)
  4 orc knights (D)
  4 necromancers (D)
  3 wolf spiders (D)
  2 manticores (D)
  An orb spider (D)
  A mana viper (D)
  3 ugly things (D)
  7 moths of wrath (D)
  2 cyclopes (D)
  Joseph (D)
  4 black mambas (D)
  A merfolk siren (D)
  An elephant (D)
  4 naga magi (D)
  2 guardian serpents (D)
  4 vault sentinels (D)
  A cane toad (D)
  3 water nymphs (D)
  A rime drake (shapeshifter) (D)
  4 komodo dragons (D)
  A yaktaur (D)
  A kobold demonologist (D)
  A demonic crawler (D)
  A hornet (D)
  3 merfolk (D)
  7 trolls (D)
  4 jumping spiders (D)
  4 tyrant leeches (D)
  A snapping turtle (D)
  5 slime creatures (D)
  5 redbacks (D)
  A wraith (D)
  A tarantella (D)
  2 yaks (D)
  Grum (D)
  A basilisk (D)
  4 water moccasins (D)
  A floating eye (shapeshifter) (D)
  11 orc warriors (D)
  A sky beast (D)
  A swamp drake (D)
  5 wolves (D)
  A centaur (D)
  2 bullfrogs (D)
  A hound (D)
  3 orc priests (D)
  A gnoll shaman (D)
  2 orc wizards (D)
  3 worms (D)
  7 orcs (D)
  A ball python (D)
  A bat skeleton (D)
  A giant cockroach (D)
  A hobgoblin (D)
  A quokka (D)
  A ball python zombie (D)
  A rat (D)
403 creatures vanquished.

Vanquished Creatures (others)
  A fire giant (D)
1 creature vanquished.

Grand Total: 404 creatures vanquished

Notes
Turn   | Place    | Note
-------+----------+-------------------------------------------
     0 | D        | mhtbhm the Gargoyle Fighter began the quest for the Orb.
     0 | D        | Reached XP level 1. HP: 14/14 MP: 1/1
     3 | D        | Banished a spatial maelstrom
   124 | D        | Noticed a gnoll shaman
   124 | D        | Noticed a sky beast
   124 | D        | Noticed a hound
   132 | D        | Killed a gnoll shaman
   133 | D        | Reached skill level 5 in Armour
   133 | D        | Reached XP level 2. HP: 16/20 MP: 2/2
   133 | D        | Reached XP level 3. HP: 19/25 MP: 3/3
   136 | D        | Killed a sky beast
   137 | D        | Reached XP level 4. HP: 24/32 MP: 4/4
   137 | D        | Reached XP level 5. HP: 28/37 MP: 5/5
   158 | D        | Found a snail-covered altar of Cheibriados.
   158 | D        | Found a shadowy altar of Dithmenos.
   158 | D        | Found a white marble altar of Elyvilon.
   158 | D        | Found a blossoming altar of Fedhas.
   158 | D        | Found an opulent altar of Gozag.
   159 | D        | Found a hazy altar of Hepliaklqana.
   160 | D        | Found a viscous altar of Jiyva.
   161 | D        | Found an ancient bone altar of Kikubaaqudgha.
   162 | D        | Found a corrupted altar of Lugonu.
   163 | D        | Found a burning altar of Makhleb.
   164 | D        | Found a sparkling altar of Nemelex Xobeh.
   165 | D        | Found an iron altar of Okawaru.
   166 | D        | Found a stormy altar of Qazlal.
   167 | D        | Found a sacrificial altar of Ru.
   172 | D        | Became a worshipper of Gozag Ym Sagoz the Greedy
   175 | D        | Found a shimmering blue altar of Sif Muna.
   176 | D        | Found a bloodstained altar of Trog.
   177 | D        | Found a hide-covered altar of Uskayaw.
   178 | D        | Found a radiant altar of Vehumet.
   179 | D        | Found an ornate altar of the Wu Jian Council.
   180 | D        | Found a shimmering altar of Xom.
   181 | D        | Found a basalt altar of Yredelemnul.
   182 | D        | Found a glowing silver altar of Zin.
   183 | D        | Found a glowing golden altar of the Shining One.
   326 | D        | Noticed a troll
   326 | D        | Noticed a troll
   326 | D        | Noticed a yak
   326 | D        | Noticed an orc warrior
   326 | D        | Noticed a kobold demonologist
   331 | D        | Killed a troll
   332 | D        | Reached skill level 1 in Dodging
   332 | D        | Reached skill level 1 in Stealth
   332 | D        | Reached XP level 6. HP: 33/45 MP: 6/6
   348 | D        | Killed a troll
   349 | D        | Reached XP level 7. HP: 37/51 MP: 7/7
   355 | D        | Killed a yak
   361 | D        | Reached XP level 8. HP: 43/56 MP: 8/8
   370 | D        | Killed a kobold demonologist
   496 | D        | Noticed a wraith
   496 | D        | Noticed a slime creature
   496 | D        | Noticed a cyclops
   496 | D        | Noticed a centaur warrior
   496 | D        | Noticed a tengu warrior
   508 | D        | Killed a wraith
   509 | D        | Reached skill level 10 in Maces & Flails
   509 | D        | Reached skill level 10 in Armour
   509 | D        | Reached skill level 5 in Stealth
   518 | D        | Killed a slime creature
   519 | D        | Reached skill level 10 in Fighting
   526 | D        | Killed a cyclops
   527 | D        | Reached XP level 9. HP: 16/63 MP: 9/9
   534 | D        | Killed a centaur warrior
   535 | D        | Reached skill level 10 in Shields
   535 | D        | Reached skill level 1 in Evocations
   549 | D        | Killed a tengu warrior
   790 | D        | Noticed a komodo dragon
   790 | D        | Noticed a komodo dragon
   790 | D        | Noticed a six-headed hydra
   792 | D        | Noticed a komodo dragon
   800 | D        | Noticed an elephant
   809 | D        | Killed a komodo dragon
   810 | D        | Reached XP level 10. HP: 52/70 MP: 10/10
   836 | D        | Killed a six-headed hydra
   837 | D        | Reached skill level 10 in Stealth
  1133 | D        | Killed an elephant
  1307 | D        | Bought a crude plate armour for 728 gold pieces
  1307 | D        | Identified the +0 plate armour of Context {SInv Stlth+}
                  | (You bought it in a shop in the Dungeon)
  1324 | D        | Bought a runed kite shield for 195 gold pieces
  1330 | D        | Noticed a cane toad
  1330 | D        | Noticed a four-headed hydra
  1352 | D        | Killed a four-headed hydra
  1355 | D        | Noticed a six-headed hydra
  1377 | D        | Killed a cane toad
  1597 | D        | Reached XP level 11. HP: 73/76 MP: 11/11
  1609 | D        | Killed a six-headed hydra
  1756 | D        | Noticed a lindwurm
  2239 | D        | Noticed a lindwurm
  2246 | D        | Killed a lindwurm
  2260 | D        | Killed a lindwurm
  2601 | D        | Noticed an orc knight
  2630 | D        | Killed an orc knight
  2680 | D        | Noticed an orc knight
  2680 | D        | Noticed an orc high priest
  2934 | D        | Killed an orc knight
  3197 | D        | Reached skill level 15 in Maces & Flails
  3197 | D        | Reached skill level 15 in Armour
  3261 | D        | Noticed a soul eater
  3267 | D        | Killed an orc high priest
  3429 | D        | Noticed an orc knight
  3449 | D        | Killed an orc knight
  3670 | D        | Found Monua's Antique Armour Emporium.
  3670 | D        | Noticed an ogre mage
  3670 | D        | Noticed a deep troll
  3675 | D        | Noticed a deep troll
  3681 | D        | Paralysed by an ogre mage for 2 turns
  3686 | D        | Killed an ogre mage
  3692 | D        | Killed a deep troll
  3693 | D        | Reached XP level 12. HP: 83/86 MP: 12/12
  3700 | D        | Reached skill level 15 in Fighting
  3700 | D        | Found Din Liru's Book Shoppe.
  3721 | D        | Found Qyruw Taneo's Armour Emporium.
  3887 | D        | Found Danev's Assorted Antiques.
  3889 | D        | Noticed an iron troll
  3890 | D        | Noticed an ogre mage
  3894 | D        | Noticed an ogre mage
  3932 | D        | Killed an iron troll
  3955 | D        | Killed an ogre mage
  3985 | D        | Reached skill level 15 in Shields
  3993 | D        | Killed an ogre mage
  4264 | D        | Bought a scroll labelled JIUNUT BINWAMU for 21 gold pieces
  4264 | D        | Bought a jade ring for 105 gold pieces
  4264 | D        | Bought a glowing silver wand for 84 gold pieces
  4306 | D        | Noticed Joseph
  4328 | D        | Killed Joseph
  4400 | D        | Noticed Sonja
  4424 | D        | Killed Sonja
  4693 | D        | Got the +4 morningstar "Gargoyle's Foe" {venom, *Corrode
                  | Will++ Int+2}
  4729 | D        | Got the +8 plate armour of Kadwuebb {Rampage rPois rC-}
  4781 | D        | Noticed a seven-headed hydra
  4786 | D        | Noticed a boulder beetle
  4805 | D        | Killed a seven-headed hydra
  4806 | D        | Noticed an ettin
  4811 | D        | Noticed a great orb of eyes
  4815 | D        | Killed a boulder beetle
  4816 | D        | Noticed a great orb of eyes
  4820 | D        | Noticed a stone giant
  4820 | D        | Noticed an ettin
  4824 | D        | Killed an ettin
  4827 | D        | Killed a great orb of eyes
  4831 | D        | Reached XP level 13. HP: 66/95 MP: 13/13
  4833 | D        | Killed a great orb of eyes
  4836 | D        | Killed an ettin
  4842 | D        | Killed a stone giant
  4850 | D        | Reached skill level 5 in Dodging
  5007 | D        | Noticed Rupert
  5041 | D        | Killed Rupert
  5594 | D        | Bought the amulet "Citog" {Fragile rPois Regen+ Dex+2
                  | Slay+3} for 943 gold pieces
  5594 | D        | Bought the ring of Compulsion {AC+4 Slay+3} for 1000 gold
                  | pieces
  5631 | D        | Reached skill level 1 in Throwing
  6097 | D        | Noticed a naga warrior
  6097 | D        | Noticed a naga warrior
  6113 | D        | Gained mutation: Your large and strong wings let you fly.
                  | [Gargoyle growth]
  6113 | D        | Reached XP level 14. HP: 106/106 MP: 14/14
  6244 | D        | Noticed Nergalle
  6252 | D        | Killed Nergalle
  6258 | D        | Noticed Grum
  6269 | D        | Killed Grum
  6317 | D        | Noticed a fire giant
  6320 | D        | Noticed a lich
  6350 | D        | Killed a fire giant
  6357 | D        | Killed a lich
  6364 | D        | Noticed a stone giant
  6373 | D        | Noticed a frost giant
  6382 | D        | Killed a stone giant
  6482 | D        | Killed a frost giant
  6545 | D        | Noticed a frost giant
  6552 | D        | Killed a frost giant
  6579 | D        | Noticed an orc warlord
  6580 | D        | Noticed an ironbound thunderhulk
  6598 | D        | Killed an ironbound thunderhulk
  6599 | D        | Reached skill level 15 in Stealth
  6638 | D        | Killed an orc warlord
  6680 | D        | Noticed an ironbound preserver
  6682 | D        | Noticed an ironbound thunderhulk
  6682 | D        | Noticed an ironbound thunderhulk
  6695 | D        | Killed an ironbound preserver
  6705 | D        | Killed an ironbound thunderhulk
  6709 | D        | Killed an ironbound thunderhulk
  6710 | D        | Reached XP level 15. HP: 118/118 MP: 15/15
  6710 | D        | Noticed a vault warden
  6739 | D        | Killed a vault warden
  7192 | D        | Bought a scroll labelled WEHUN VETAU for 27 gold pieces
  7192 | D        | Bought a fizzy emerald potion for 24 gold pieces
  7192 | D        | Bought a scroll labelled SOH QOUTIYDGH for 27 gold pieces
  7192 | D        | Bought a condenser vane for 1080 gold pieces
  7209 | D        | Noticed Mennas
  7245 | D        | Killed Mennas
  7337 | D        | Noticed an emperor scorpion
  7375 | D        | Killed an emperor scorpion
  7385 | D        | Noticed an emperor scorpion
  7391 | D        | Noticed an emperor scorpion
  7403 | D        | Killed an emperor scorpion
  7418 | D        | Killed an emperor scorpion
  7531 | D        | Noticed an emperor scorpion
  7546 | D        | Killed an emperor scorpion
  7552 | D        | Got a gossamer rune of Zot
  7561 | D        | Noticed Ilsuiw
  7569 | D        | Reached skill level 5 in Evocations
  7585 | D        | Killed Ilsuiw
  7621 | D        | Got a barnacled rune of Zot
  7655 | D        | Noticed a nagaraja
  7655 | D        | Noticed a nagaraja
  7656 | D        | Noticed a nagaraja
  7657 | D        | Noticed a nagaraja
  7664 | D        | Killed a nagaraja
  7667 | D        | Killed a nagaraja
  7670 | D        | Killed a nagaraja
  7672 | D        | Killed a nagaraja
  7699 | D        | Noticed a nagaraja
  7711 | D        | Killed a nagaraja
  7719 | D        | Got a serpentine rune of Zot
  7878 | D        | Reached XP level 16. HP: 100/129 MP: 16/16
  7922 | D        | Got a decaying rune of Zot
  8117 | D        | Noticed Margery
  8128 | D        | Killed Margery
  8129 | D        | Reached skill level 10 in Evocations
  8322 | D        | Reached skill level 5 in Throwing
  8523 | D        | Noticed a tengu reaver
  8523 | D        | Noticed a tentacled monstrosity
  8525 | D        | Noticed a tengu reaver
  8537 | D        | Killed a tengu reaver
  8539 | D        | Noticed a tengu reaver
  8543 | D        | Killed a tentacled monstrosity
  8544 | D        | Killed a tengu reaver
  8545 | D        | Noticed a shadow dragon
  8549 | D        | Killed a tengu reaver
  8550 | D        | Noticed a shadow dragon
  8554 | D        | Reached skill level 27 in Fighting
  8567 | D        | Killed a shadow dragon
  8576 | D        | Killed a shadow dragon
  8589 | D        | Reached skill level 27 in Shields
  8623 | D        | Reached XP level 17. HP: 135/139 MP: 17/17
  8639 | D        | Identified the +1 leather armour "Ebrauf" {rElec rF- Str+7
                  | Slay+2}
  8663 | D        | Noticed a golden dragon
  8663 | D        | Noticed a quicksilver dragon
  8663 | D        | Noticed a titan
  8675 | D        | Killed a golden dragon
  8675 | D        | Killed a quicksilver dragon
  8676 | D        | Noticed a golden dragon
  8680 | D        | Killed a titan
  8895 | D        | Reached skill level 15 in Evocations
  8903 | D        | Killed a golden dragon
  8935 | D        | Got a silver rune of Zot
  8999 | D        | Noticed Nikola
  9017 | D        | Killed Nikola
  9096 | D        | Got the ring "Hurph" {MP+9 Str+6}
  9098 | D        | Got the ring of Tufuaxaw {Will- Str+2 Int+6 Slay+5 Stlth+}
  9100 | D        | Got the ring "Caumutaf" {rN+ Will+ EV+4 Dex-3 Stlth+}
  9102 | D        | Got the ring of Govaut {Str+7 Dex+3 Slay+2}
  9104 | D        | Got the ring "Cuofoi Ficol" {Ice rElec rN+ rCorr}
  9220 | D        | Noticed Mara
  9221 | D        | Noticed mhtbhm's illusion
  9237 | D        | Noticed mhtbhm's illusion
  9274 | D        | Killed Mara
  9357 | D        | Noticed Sojobo
  9387 | D        | Killed Sojobo
  9480 | D        | Bought a +2 morningstar of holy wrath for 288 gold pieces
  9506 | D        | Bought a potion of invisibility for 120 gold pieces
  9506 | D        | Bought a potion of curing for 45 gold pieces
  9506 | D        | Bought a potion of heal wounds for 75 gold pieces
  9506 | D        | Bought a potion of might for 60 gold pieces
  9508 | D        | Noticed a walking earthen tome
  9516 | D        | Killed a walking earthen tome
  9692 | D        | Noticed a golden dragon
  9696 | D        | Reached skill level 27 in Maces & Flails
  9696 | D        | Reached skill level 10 in Throwing
  9698 | D        | Killed a golden dragon
 10319 | D        | Noticed a tentacled monstrosity
 10326 | D        | Killed a tentacled monstrosity
 10328 | D        | Reached XP level 18. HP: 145/145 MP: 18/18
 10458 | D        | Noticed a tentacled monstrosity
 10458 | D        | Noticed a tentacled monstrosity
 10466 | D        | Killed a tentacled monstrosity
 10467 | D        | Reached skill level 15 in Throwing
 10468 | D        | Killed a tentacled monstrosity
 10475 | D        | Noticed a quicksilver dragon
 10490 | D        | Killed a quicksilver dragon
 10630 | D        | Noticed a tentacled monstrosity
 10655 | D        | Reached skill level 27 in Armour
 10672 | D        | Killed a tentacled monstrosity
 10963 | D        | Noticed an Orb Guardian
 10963 | D        | Noticed an Orb Guardian
 10963 | D        | Noticed an Orb Guardian
 10963 | D        | Noticed an Orb Guardian
 10963 | D        | Noticed an Orb Guardian
 10963 | D        | Noticed an Orb Guardian
 10972 | D        | Killed an Orb Guardian
 10980 | D        | Killed an Orb Guardian
 10988 | D        | Killed an Orb Guardian
 10989 | D        | Noticed an Orb Guardian
 10991 | D        | Killed an Orb Guardian
 11000 | D        | Killed an Orb Guardian
 11007 | D        | Killed an Orb Guardian
 11012 | D        | Killed an Orb Guardian
 11013 | D        | Noticed an Orb Guardian
 11016 | D        | Noticed an Orb Guardian
 11022 | D        | Killed an Orb Guardian
 11023 | D        | Noticed an Orb Guardian
 11026 | D        | Killed an Orb Guardian
 11032 | D        | Killed an Orb Guardian
 11136 | D        | Noticed an Orb Guardian
 11136 | D        | Noticed an Orb Guardian
 11136 | D        | Noticed a curse toe
 11138 | D        | Noticed an Orb Guardian
 11140 | D        | Killed an Orb Guardian
 11142 | D        | Killed an Orb Guardian
 11142 | D        | Killed an Orb Guardian
 11146 | D        | Killed a curse toe
 11206 | D        | Noticed an Orb Guardian
 11214 | D        | Killed an Orb Guardian
 11237 | D        | Noticed an ancient lich
 11243 | D        | Killed an ancient lich
 11264 | D        | Noticed an orb of fire
 11271 | D        | Killed an orb of fire
 11323 | D        | Noticed an electric golem
 11339 | D        | Killed an electric golem
 11454 | D        | Noticed a Killer Klown
 11454 | D        | Noticed an orb of fire
 11454 | D        | Noticed an electric golem
 11454 | D        | Noticed an ancient lich
 11454 | D        | Noticed a Killer Klown
 11456 | D        | Noticed an orb of fire
 11457 | D        | Killed a Killer Klown
 11457 | D        | Killed a Killer Klown
 11458 | D        | Reached skill level 10 in Dodging
 11458 | D        | Reached XP level 19. HP: 151/151 MP: 19/19
 11459 | D        | Noticed an orb of fire
 11462 | D        | Killed an orb of fire
 11463 | D        | Killed an ancient lich
 11464 | D        | Killed an electric golem
 11574 | D        | Noticed a Killer Klown
 11577 | D        | Gained mutation: You have hidden genetic potential. [an orb
                  | of fire]
 11593 | D        | Killed an orb of fire
 11624 | D        | Killed a Killer Klown
 11792 | D        | Gained mutation: You are weak. (Str -2) [an orb of fire]
 11802 | D        | Killed an orb of fire
 11819 | D        | Noticed an ancient lich
 11820 | D        | Noticed a tentacled monstrosity
 11837 | D        | Killed an ancient lich
 11842 | D        | Killed a tentacled monstrosity
 12207 | D        | Noticed an ancient lich
 12212 | D        | Noticed an ancient lich
 12220 | D        | Noticed an ancient lich
 12231 | D        | Killed an ancient lich
 12232 | D        | Reached skill level 15 in Dodging
 12235 | D        | Killed an ancient lich
 12236 | D        | Reached skill level 27 in Throwing
 12240 | D        | Killed from afar by an ancient lich

Illustrated notes

Levels and vault maps discovered:
D:        linesprint [early_d, line_temple, items_1, d_10, items_2, lair_1,
          lair_end, items_3, orc_1, orc_end, items_4, d_15, swamp_1, shoals_1,
          snake_1, spider_1, d_20, vaults_1, items_5, swamp_end, shoals_end,
          snake_end, spider_end, vaults_end, d_27, items_6, zot_1, zot_end,
          crypt_end, forest_end, elf_end, slime_end, tomb_end, abyss_end,
          pan_hell_end]

Skill      XL: |  1  2  3  4  5  6  7  8  9 10 11 12 13 14 15 16 17 18 19 |
---------------+----------------------------------------------------------+-----
Fighting       | 4 6 8 9 10 11 12 14 16 19 22 25 27 | 27.0
Armour         | 5 6 8 9 10 11 13 15 17 18 19 21 22 25 27 | 27.0
Shields        | 4 6 7 8 9 10 11 13 16 19 21 24 27 | 27.0
Maces & Flails | 4 6 8 9 11 12 13 15 16 18 20 22 24 27 | 27.0
Dodging        | 1 2 3 4 5 10 15 | 15.4
Stealth        | 1 2 3 6 9 10 11 12 14 15 16 17 19 | 19.3
Evocations     | 2 3 4 8 13 18 22 25 | 25.2
Throwing       | 1 3 5 14 22 27 | 27.0

Action                   |  1- 3 |  4- 6 |  7- 9 | 10-12 | 13-15 | 16-18 | 19-21 || total
-------------------------+-------+-------+-------+-------+-------+-------+-------++-------
Melee: Flail             |    25 |    27 |    73 |   564 |       |       |       ||   689
       Morningstar       |       |       |       |    45 |   648 |   582 |   174 ||  1449
Throw: Dart              |       |       |       |       |     2 |     3 |       ||     5
       Boomerang         |       |       |       |       |     9 |    21 |       ||    30
       Javelin           |       |       |       |       |     3 |    32 |     4 ||    39
Invok: Potion Petition   |       |       |     1 |     5 |     4 |     3 |     1 ||    14
       Call Merchant     |       |       |       |     1 |     3 |     4 |       ||     8
Evoke: Wand              |       |       |     8 |     4 |     1 |       |       ||    13
       Condenser vane    |       |       |       |       |     3 |    13 |     2 ||    18
  Use: Potion            |     1 |     3 |     5 |     6 |     5 |     2 |       ||    22
       Scroll            |       |       |     1 |       |     6 |    21 |       ||    28
 Stab: Invisible         |       |     4 |     4 |     7 |    11 |       |       ||    26
       Distracted        |       |       |     1 |     4 |     5 |    11 |     3 ||    24
       Confused          |       |       |       |       |     3 |       |       ||     3
Armor: Scale mail        |     9 |     8 |       |       |       |       |       ||    17
       Chain mail        |       |    11 |    31 |    28 |       |       |       ||    70
       Plate armour      |       |       |       |   229 |   145 |       |       ||   374
       Gold dragon scale |       |       |       |       |    82 |   185 |    36 ||   303
Dodge: Dodged            |     9 |    25 |    22 |   122 |   105 |    81 |     9 ||   373
Block: Buckler           |     3 |    12 |    27 |    10 |       |       |       ||    52
       Kite shield       |       |       |       |   218 |   166 |       |       ||   384
       Tower shield      |       |       |       |       |   168 |   406 |    75 ||   649

Table legend: (Time is in decaauts) A = Elapsed time spent in this place. B = Non-inter-level travel time spent in this place. C = Inter-level travel time spent in this place. D = Time resting spent in this place. E = Time spent auto-exploring this place. F = Levels seen in this place. G = Mean time per level. A B C D E F G +--------+--------+--------+--------+--------+-----+--------+ Total | 11639 | 11639 | 0 | 5581 | 1396 | 1 | 11639.0 | Dungeon | 11639 | 11639 | 0 | 5581 | 1396 | 1 | 11639.0 | +--------+--------+--------+--------+--------+-----+--------+

Top non-repeatable levels by time:
       D: 11639 daAuts
